Match 25105402
Unlisted

Match 25105402
End
Construct Infanterie Kompanie
Selects Luftwaffe Battlegroup
Selects Luftwaffe Pioneer Support
Fallschirmpioneer Squad Paradrop
MG 42 Machine Gun Team
Fallschirmpioneer Squad Paradrop
GrW 34 Mortar Team
Selects Stuka Strafing Run
Stuka Strafing Run
Fallschirmpioneer Squad Paradrop
Stuka Strafing Run
Construct Luftwaffe Kompanie
Selects Fallschirmjäger Squad Paradrop
Support Elements
Stuka Strafing Run
Fallschirmjäger Squad Paradrop
Stuka Strafing Run
Selects LG40 Recoilless Gun Paradrop
Wirbelwind Flakpanzer
Stuka Strafing Run
Medical Station
Selects Flak 36 Anti-tank Gun Emplacement
Stuka Strafing Run
Fallschirmjäger Squad Paradrop
Selects Stuka Loiter
Stuka Loiter
Stuka Strafing Run
Stuka Strafing Run
Construct Panzer Kompanie
Fallschirmpioneer Squad Paradrop
Stuka Loiter
LeLe_82
510760284
EMIL VON KASSANDER
TidaL
jcu
hexagon06
sirius232
0
0

Comments sign in to comment!

No comments posted yet!